 Dungeon Crawl Stone Soup version 0.31.0-32-g396128a36d (webtiles) character file.

Game seed: 9848010350554613988

282 tizbic2 the Changeling (level 6, 0/46 HPs)
             Began as a Merfolk Shapeshifter on Apr 10, 2024.
             Shot with a sling bullet by a goblin (5 damage)
             ... led by Robin
             ... on level 3 of the Dungeon.
             The game lasted 00:08:00 (1725 turns).

tizbic2 the Changeling (Merfolk Shapeshifter)       Turns: 1725, Time: 00:08:01

Health: 0/46       AC:  3    Str: 16    XL:     6   Next: 28%
Magic:  6/6        EV: 14    Int: 10    God:
Gold:   25         SH:  0    Dex: 19    Spells: 5/5 levels left

rFire   . .          .
                       - Unarmed
rCold   . . .        (no shield)
rNeg    . . .        e - +0 leather armour
rPois   .            (helmet currently unavailable)
rElec   .            (cloak currently unavailable)
rCorr   .            (gloves currently unavailable)
SInv    .            (boots currently unavailable)
Will    .....        (no amulet)
Stlth   +            o - +6 ring of dexterity
HPRegen 0.27/turn    (no ring)
MPRegen 0.10/turn

%: no passive effects
@: beast-form
A: beast (slay +3), (nimble swimmer 2), mertail
a: Begin Untransformation


You were on level 3 of the Dungeon.
You were a hulking beast.
You visited 1 branch of the dungeon, and saw 4 of its levels.

You collected 86 gold pieces.
You spent 61 gold pieces at shops.

Inventory:

Hand Weapons
 t - a +0 flail
Missiles
 p - a throwing net (quivered)
Armour
 e - a +0 leather armour (worn)
Jewellery
 g - an amulet of faith
 o - a +6 ring of dexterity (left hand)
Talismans
 c - a beast talisman
 d - a flux talisman
Scrolls
 f - a scroll of enchant weapon {unknown}
 j - a scroll of fear {unknown}
 l - a scroll of vulnerability {unknown}
 n - a scroll of fog {unknown}
 q - 3 scrolls of enchant armour {unknown}
 s - a scroll of immolation {unknown}
 u - 2 scrolls of teleportation
Potions
 a - a potion of mutation {unknown}
 b - a potion of lignification
 h - a potion of heal wounds {unknown}
 i - 2 potions of might
 k - a potion of brilliance {unknown}
 m - 2 potions of curing
 r - a potion of degeneration {unknown}
 v - a potion of cancellation {unknown}


   Skills:
 + Level 2.8 Fighting
 + Level 0.6 Throwing
 + Level 4.1 Dodging
 * Level 5.0 Unarmed Combat
 * Level 5.7 Shapeshifting


You had 5 spell levels left.
You didn't know any spells.
Your spell library contained the following spells:

 Spells                   Type           Power      Damage    Failure   Level
 Ensorcelled Hibernation  Hex/Ice        0%         N/A       56%         2
 Scorch                   Fire           0%         2d5       56%         2
 Fugue of the Fallen      Necr           0%         N/A       80%         3
 Anguish                  Hex/Necr       0%         N/A       99%         4
 Flame Wave               Conj/Fire      0%         2d4       99%         4
 Summon Cactus Giant      Summ           0%         N/A       100%        6


Dungeon Overview and Level Annotations

Branches:
Dungeon (4/15)
 Temple: D:4-7

Altars:
Gozag

Shops:
D:2 ??[


Innate Abilities, Weirdness & Mutations

You are a hulking beast.
Your limbs bulge with bestial killing power. (Slay +3)
((You are very nimble when in or above water. (Stealth+, EV+, Speed+++)))
Your lower body shifts to a powerful aquatic tail in water.


Message History

The goblins go into a battle-frenzy!
The goblin shoots a sling bullet.
The sling bullet barely misses you.
You hear a shout!
You punch Robin!
Robin is heavily wounded.
Robin roars a battlecry!
The goblin shoots a sling bullet.
The sling bullet hits you.
* * * LOW HITPOINT WARNING * * *
You hit Robin.
Robin is severely wounded.
Robin hits you with a +5 club.
* * * LOW HITPOINT WARNING * * *
The goblin shoots a sling bullet.
The sling bullet hits you.
* * * LOW HITPOINT WARNING * * *
You feel better. Robin hits you with a +5 club.
* * * LOW HITPOINT WARNING * * *
You hit Robin but do no damage.
Robin is severely wounded.
Robin throws the goblin at you!
The goblin unwields a +0 sling.
The goblin wields a +0 club.
The goblin closely misses you.
You hit the goblin but do no damage.
The goblin unwields a +0 sling.
The goblin wields a +0 dagger.
The goblin closely misses you.
You punch Robin!
You kill Robin!
The goblin barely misses you.
The goblin shoots a sling bullet.
The sling bullet misses you.
The sling bullet misses the goblin.
The goblin hits you with a +0 dagger.
* * * LOW HITPOINT WARNING * * *
You hit the goblin.
The goblin is severely wounded.
The goblin hits you with a +0 club.
* * * LOW HITPOINT WARNING * * *
You hit the endoplasm.
You kill the endoplasm!
The goblin hits you with a +0 dagger.
* * * LOW HITPOINT WARNING * * *
The goblin hits you with a +0 club.
* * * LOW HITPOINT WARNING * * *
The goblin shoots a sling bullet.
The sling bullet hits you.
You die...

.....##.##÷#.#+##
#.#..#
...g....#<÷#.#..
#....#
.....#..)..#.#.#
##...#
.........g...#.#
#.###
...#.........#.# #.#
.. #.........#.#
##.# # #.........#.#
##..#
#####.#.#..g####..##
#...#.g>hg)..##
#####.######## #.#
#.# #.# #.# #.# #.


You could see 4 goblins.

Vanquished Creatures
  A phantom (D:4)
  A bombardier beetle (D:4)
  Jessica (D:2)
  Robin (D:3)
  9 adders
  4 orcs
  2 endoplasms
  4 giant cockroaches
  10 goblins
  3 hobgoblins
  2 jackals (D:2)
  5 kobolds
  2 quokkas (D:2)
  8 ball pythons
  3 bats
  2 frilled lizards
  2 rats
60 creatures vanquished.

Notes
Turn   | Place    | Note
-------+----------+-------------------------------------------
     0 | D:1      | tizbic2 the Merfolk Shapeshifter began the quest for the
                  | Orb.
     0 | D:1      | Reached XP level 1. HP: 15/15 MP: 1/1
   163 | D:1      | Reached XP level 2. HP: 21/21 MP: 2/2
   455 | D:2      | Reached XP level 3. HP: 26/27 MP: 3/3
   586 | D:2      | Found an opulent altar of Gozag.
   612 | D:2      | Found Dogem's Magic Scroll Boutique.
   617 | D:2      | Found Roesifon's Magic Scroll Shoppe.
   636 | D:2      | Bought a scroll of identify for 28 gold pieces
   727 | D:2      | Found Ynuvoz's Armour Shop.
   845 | D:2      | Reached XP level 4. HP: 30/33 MP: 4/4
  1018 | D:2      | Reached skill level 5 in Shapeshifting
  1161 | D:2      | Bought a scroll of teleportation for 33 gold pieces
  1222 | D:3      | Reached XP level 5. HP: 37/38 MP: 5/5
  1225 | D:3      | Noticed Jessica
  1254 | D:2      | Killed Jessica
  1399 | D:3      | Noticed Robin
  1628 | D:4      | Noticed a phantom
  1643 | D:4      | Killed a phantom
  1644 | D:4      | Reached skill level 5 in Unarmed Combat
  1644 | D:4      | Reached XP level 6. HP: 37/46 MP: 6/6
  1723 | D:3      | Killed Robin
  1725 | D:3      | Shot with a sling bullet by a goblin

Illustrated notes

Levels and vault maps discovered:
D:1:      lightli_arrival_statue_moat, layout_rooms
D:2:      layout_rooms, serial_shops, shop, shop, nicolae_shop_trees,
          basic_altar, minmay_door_square, minmay_snake_closets
D:3:      layout_basic, uniq_robin, uniq_natasha, uniq_jessica
D:4:      layout_gridville, nemelex_diamond_rough_becter,
          minmay_temple_entry_trees

Skill      XL: |  1  2  3  4  5 |
---------------+----------------+-----
Dodging        | 3 4 |  4.1
Fighting       | 2 |  2.8
Unarmed Combat | 4 5 |  5.0
Shapeshifting  | 5 |  5.7
Throwing       | |  0.6

Action                     |  1- 3 |  4- 6 || total
---------------------------+-------+-------++-------
  Melee: Unarmed           |    90 |    96 ||   186
         Punch             |     3 |     3 ||     6
  Throw: Boomerang         |       |     3 ||     3
         Throwing net      |       |     1 ||     1
    Use: Scroll            |     1 |     1 ||     2
         Potion            |       |     1 ||     1
   Stab: Sleeping          |     1 |     3 ||     4
 Armour: Leather armour    |    40 |    77 ||   117
         Animal skin       |     2 |       ||     2
  Dodge: Dodged            |    72 |    72 ||   144
